 Dungeon Crawl Stone Soup version 0.22.1-1-ga44c0e5 (webtiles) character file.

10992 MalarOregon the Carver (level 11, 0/97 HPs)
             Began as a Minotaur Berserker on Sept 21, 2018.
             Was a High Priest of Trog.
             Slain by an unseen horror (8 damage)
             ... on level 11 of the Dungeon.
             The game lasted 00:15:40 (8070 turns).

MalarOregon the Carver (Minotaur Berserker)         Turns: 8070, Time: 00:15:41

Health: 0/97       AC: 17    Str: 26    XL:     11   Next: 43%
Magic:  14/14      EV:  9    Int:  4    God:    Trog [*****.]
Gold:   541        SH: 10    Dex:  9    Spells: 10/10 levels left

rFire    . . .     SeeInvis .   a - +4 falchion
rCold    . . .     Gourm    .   E - +0 shield
rNeg     . . .     Faith    .   n - +0 plate armour
rPois    .         Spirit   .   (helmet restricted)
rElec    .         Reflect  .   u - +0 cloak
rCorr    +         Harm     .   (no gloves)
MR       .....                  j - +0 pair of boots
Stlth    ..........             (no amulet)
HPRegen  0.26/turn              z - +1 ring of protection
MPRegen  0.14/turn              o - ring of resist corrosion

@: berserk cooldown, slowed, very slow
A: retaliatory headbutt, horns 2
a: Berserk, Trog's Hand, Brothers in Arms, Renounce Religion


You were on level 11 of the Dungeon.
You worshipped Trog.
Trog was extremely pleased with you.
You were very hungry.

You visited 1 branch of the dungeon, and saw 11 of its levels.

You collected 694 gold pieces.
You spent 153 gold pieces at shops.

Inventory:

Hand Weapons
 a - a +4 falchion (weapon)
   (You took it off a wight on level 3 of the Dungeon)
Armour
 j - a +0 pair of boots (worn)
   (You found it on level 1 of the Dungeon)
 n - a +0 plate armour (worn)
   (You found it on level 2 of the Dungeon)
 u - a +0 cloak (worn)
   (You found it on level 1 of the Dungeon)
 E - a +0 shield (worn)
   (You took it off a gnoll sergeant on level 6 of the Dungeon)
Jewellery
 o - a ring of resist corrosion (right hand)
   (You found it on level 2 of the Dungeon)
 z - a +1 ring of protection (left hand)
   (You took it off an orc on level 9 of the Dungeon)
 C - an uncursed ring of flight
   (You found it on level 6 of the Dungeon)
 F - an uncursed amulet of harm {unknown}
   (You found it on level 10 of the Dungeon)
Wands
 d - a wand of iceblast (9)
   (You found it on level 9 of the Dungeon)
 f - a wand of polymorph (7)
   (You took it off Natasha on level 2 of the Dungeon)
 t - a wand of flame (44)
   (You bought it in a shop on level 4 of the Dungeon)
Scrolls
 c - a scroll of blinking {unknown}
 g - a scroll of immolation {!r}
 l - 8 scrolls of teleportation {@r4}
 q - 2 scrolls of enchant weapon
 v - a scroll of magic mapping
 x - 7 scrolls of remove curse {@r2}
Potions
 b - a potion of ambrosia {unknown}
 h - 2 potions of lignification {!q}
 i - a potion of curing {@q1}
 k - 4 potions of flight {unknown}
 p - a potion of agility {unknown}
 r - a potion of berserk rage {unknown}
 s - 2 potions of mutation {!q}
 w - 2 potions of brilliance
 y - 2 potions of might
 A - 3 potions of magic {unknown}
 D - 2 potions of heal wounds {@q2}
 G - 3 potions of haste {unknown}
Comestibles
 e - 15 rations {!d}
 B - 25 chunks of flesh


   Skills:
 + Level 9.5 Fighting
 * Level 12.3 Long Blades
 + Level 9.0 Armour
 + Level 8.2 Dodging
 + Level 6.0 Shields
 + Level 6.0 Evocations


You had 10 spell levels left.
You didn't know any spells.
Your spell library was empty.

Dungeon Overview and Level Annotations

Branches:
Dungeon (11/15)            Temple (0/1) D:4
   Lair: D:8-11         Orc: D:9-12

Altars:
Cheibriados
Dithmenos
Gozag
Hepliaklqana
Makhleb
Nemelex Xobeh
Okawaru
Qazlal
Xom
Zin

Shops:
D:4 *:}:[   D:6 (=   D:8 *   D:10 =


Innate Abilities, Weirdness & Mutations

You reflexively headbutt those who attack you in melee.
You have a pair of horns on your head.


Message History

Firing (i - inventory) No suitable missiles.
Okay, then.
Put on which piece of jewellery? (? for menu, Esc to quit)
You're wearing all the rings you can.
Remove which one? (? for menu, Esc to cancel) < or
C - a ring of flight; > or
o - a ring of resist corrosion You remove your ring of flight.
z - a +1 ring of protection (left hand)
Something hits you but does no damage.
As you read the scroll of fog, it crumbles to dust.
The scroll dissolves into smoke.
Something hits you.
* * * LOW HITPOINT WARNING * * *
Unknown command.
Unknown command.
You block something's attack.
Unknown command.
You hit something. Your headbutt misses something. Something hits you.
* * * LOW HITPOINT WARNING * * *
You closely miss something. Something hits you but does no damage.
Something hits you.
* * * LOW HITPOINT WARNING * * *
You hit something. Something hits you but does no damage.
Unknown command.
A red film seems to cover your vision as you go berserk!
You feel yourself moving faster!
You feel mighty!
You are feeling very hungry.
Something hits you.
* * * LOW HITPOINT WARNING * * *
You feel a strong urge to attack something.
Something hits you but does no damage. Something hits you but does no damage.
You miss something. You headbutt something! Something hits you!
* * * LOW HITPOINT WARNING * * *
Unknown command.
Something hits you but does no damage.
You feel a strong urge to attack something.
You are no longer berserk.
You are exhausted.
You feel yourself slow down. Something hits you.
* * * LOW HITPOINT WARNING * * *
Unknown command.
Something hits you but does no damage. Something hits you!
You die...

#.......
#......
#.....#
#.....#
#.....#
#.....#
#§§...#
#§@§.§#
#§§§§#
#§§§§#
#§§§§#
##§§§.#
#§§§§.#
#§§§###
#)..#
#...#


There were no monsters in sight!

Vanquished Creatures
  2 two-headed ogres (D:10)
  A centaur skeleton (D:10)
  2 kobold demonologists (D:11)
  A troll (D:10)
  A hippogriff (D:9)
  16 yaks
  A wyvern (D:10)
  A steam dragon (D:9)
  4 orc warriors
  4 ice beasts
  A black bear (D:7)
  2 necrophages (D:10)
  4 phantoms
  4 sky beasts
  2 ogres
  10 centaurs
  A big kobold (D:11)
  3 bullfrogs
  4 gnoll sergeants (D:6)
  5 scorpions
  7 killer bees
  14 wights
  4 howler monkeys
  6 crimson imps
  A quasit (D:6)
  A bullfrog zombie (D:7)
  4 hounds
  7 jellies
  4 orc priests
  12 orc wizards
  3 iguanas
  Natasha (thrice) (D:2)
  7 worker ants
  A hound skeleton (D:8)
  A worker ant zombie (D:8)
  8 adders
  5 shadow imps
  2 adder zombies
  An adder skeleton (D:8)
  3 worms
  2 dart slugs
  2 leopard geckos
  32 orcs
  3 ball pythons
  6 bats
  7 giant cockroaches
  6 hobgoblins
  6 jackals
  12 kobolds
  A quokka (D:11)
  A frilled lizard (D:4)
  4 goblins
  A leopard gecko zombie (D:6)
  A quokka zombie (D:5)
  9 rats
256 creatures vanquished.

Vanquished Creatures (others)
  2 orcs (D:9)
  3 fungi (D:9)
5 creatures vanquished.

Grand Total: 261 creatures vanquished

Notes
Turn   | Place    | Note
-------+----------+-------------------------------------------
     0 | D:1      | MalarOregon the Minotaur Berserker began the quest for the
                  | Orb.
     0 | D:1      | Reached XP level 1. HP: 19/19 MP: 0/0
   217 | D:1      | Reached XP level 2. HP: 21/27 MP: 1/1
   377 | D:1      | Reached skill level 4 in Long Blades
   597 | D:2      | Reached XP level 3. HP: 33/33 MP: 2/2
   629 | D:2      | Noticed Natasha
   644 | D:2      | Killed Natasha
   652 | D:2      | Reached ** piety under Trog
   707 | D:2      | Noticed Natasha
   714 | D:2      | Killed Natasha
   714 | D:2      | Reached XP level 4. HP: 24/40 MP: 3/3
   760 | D:2      | Found a shimmering altar of Xom.
   955 | D:2      | Found a hazy altar of Hepliaklqana.
  1127 | D:2      | Noticed Natasha
  1134 | D:2      | Killed Natasha
  1134 | D:2      | Reached skill level 5 in Long Blades
  1211 | D:3      | Reached XP level 5. HP: 11/47 MP: 4/4
  1693 | D:3      | Reached skill level 1 in Evocations
  1693 | D:3      | Reached XP level 6. HP: 26/55 MP: 5/5
  1697 | D:3      | Reached skill level 5 in Fighting
  1699 | D:3      | Reached skill level 6 in Long Blades
  2022 | D:3      | Found an opulent altar of Gozag.
  2022 | D:3      | Found a snail-covered altar of Cheibriados.
  2105 | D:4      | Reached *** piety under Trog
  2122 | D:4      | Reached XP level 7. HP: 59/61 MP: 7/7
  2221 | D:4      | Found a stormy altar of Qazlal.
  2221 | D:4      | Found a sparkling altar of Nemelex Xobeh.
  2235 | D:4      | Found Lytoydwo's Book Shoppe.
  2254 | D:4      | Found a staircase to the Ecumenical Temple.
  2292 | D:4      | Found a burning altar of Makhleb.
  2326 | D:4      | Found Puesy's Gadget Shop.
  2410 | D:4      | Found Qall's Assorted Antiques.
  2418 | D:4      | Bought a scroll labeled LYP FAGIMPUAMI for 23 gold pieces
  2418 | D:4      | Bought a brass wand for 92 gold pieces
  2606 | D:4      | Found Kuhoitin's Armour Shop.
  2735 | D:4      | Found Jipt's Book Shoppe.
  2743 | D:5      | Entered Level 5 of the Dungeon
  2758 | D:5      | Reached skill level 7 in Long Blades
  2810 | D:5      | Found a stormy altar of Qazlal.
  2835 | D:5      | Reached skill level 5 in Armour
  3021 | D:5      | You fall through a shaft for 2 floors!
  3097 | D:6      | Reached XP level 8. HP: 70/70 MP: 8/8
  3144 | D:6      | Found an iron altar of Okawaru.
  3147 | D:6      | Found a shadowy altar of Dithmenos.
  3150 | D:6      | Found a glowing silver altar of Zin.
  3402 | D:6      | Reached skill level 8 in Long Blades
  3402 | D:6      | Reached skill level 5 in Dodging
  3450 | D:6      | Found Ylal's Weapon Shoppe.
  3493 | D:6      | Reached **** piety under Trog
  3517 | D:6      | Reached skill level 9 in Long Blades
  3551 | D:6      | Reached XP level 9. HP: 37/78 MP: 10/10
  3727 | D:6      | Reached skill level 1 in Shields
  4069 | D:6      | Found Ziumomni's Jewellery Emporium.
  4369 | D:7      | Got a steaming leather armour
  4450 | D:7      | Lost intelligence.
  4487 | D:7      | Reached skill level 10 in Long Blades
  5437 | D:8      | Found Xapaerie's Assorted Antiques.
  5446 | D:8      | Bought a murky golden potion for 19 gold pieces
  5446 | D:8      | Bought a green potion for 19 gold pieces
  5686 | D:9      | Reached XP level 10. HP: 75/88 MP: 12/12
  6069 | D:9      | Reached ***** piety under Trog
  6659 | D:10     | Entered Level 10 of the Dungeon
  6663 | D:10     | Found Nosmamn's Jewellery Shoppe.
  6743 | D:10     | Noticed a two-headed ogre
  6748 | D:10     | Killed a two-headed ogre
  6748 | D:10     | Reached skill level 11 in Long Blades
  6748 | D:10     | Reached skill level 5 in Evocations
  7104 | D:10     | Noticed a two-headed ogre
  7114 | D:10     | Killed a two-headed ogre
  7114 | D:10     | Reached skill level 5 in Shields
  7297 | D:10     | Reached XP level 11. HP: 44/97 MP: 14/14
  7774 | D:11     | Reached skill level 12 in Long Blades
  7978 | D:11     | Received a gift from Trog
  8070 | D:11     | Slain by an unseen horror

Skill      XL: |  1  2  3  4  5  6  7  8  9 10 11 |
---------------+----------------------------------+-----
Long Blades    | 4 5 6 7 9 10 11 12 | 12.3
Fighting       | 4 5 6 8 9 |  9.5
Armour         | 3 4 5 6 7 8 9 |  9.0
Dodging        | 3 4 5 6 7 8 |  8.2
Evocations     | 1 2 3 4 5 6 |  6.0
Shields        | 3 5 6 |  6.0

Action                   |  1- 3 |  4- 6 |  7- 9 | 10-12 || total
-------------------------+-------+-------+-------+-------++-------
Melee: Falchion          |    53 |   113 |   393 |   330 ||   889
       Headbutt          |     6 |    25 |    95 |    74 ||   200
       Unarmed           |    16 |       |       |       ||    16
Invok: Berserk           |       |     2 |     3 |     7 ||    12
  Use: Scroll            |       |       |    15 |     1 ||    16
  Eat: Chunk             |       |     6 |    14 |    14 ||    34
Armor: Animal skin       |     5 |       |       |       ||     5
       Plate armour      |    23 |    81 |   219 |   172 ||   495
       Skin              |     2 |       |       |       ||     2
Dodge: Dodged            |    30 |    46 |   135 |    89 ||   300
Block: Shield            |       |       |   111 |   173 ||   284
       Rpst.: Falchion   |     2 |    16 |    38 |    21 ||    77
